Map: Arctic Dream LE

Players

Massa - Winner!

  • Race: Terran Terran
  • League: Platinum
  • Spawn Location: 11:00

qqq - Winner!

  • Race: Zerg Zerg
  • Spawn Location: 12:00

HAES

  • Race: Zerg Zerg
  • Spawn Location: 5:00

EbakO

  • Race: Protoss Protoss
  • Spawn Location: 6:00

VOD

Have the link to the VOD?

Description

Time

  • Played on: March 24, 2021, 5:12 p.m.
  • Length: 6:27
Show
View Real Time Build Order
Export as new Build Order

Massa Terran - Winner!

Build Orders: 2 Factory 

Get SALT Encoding   

  12  0:00  SCV  
  13  0:12  SCV  
  14  0:17  Supply Depot  
  14  0:24  SCV  
  15  0:39  SCV  
  16  0:44  Barracks  
  16  0:51  SCV  
  16  0:52  Supply Depot  
  17  1:01  Refinery  
  17  1:13  SCV  
  18  1:26  SCV  
  18  1:30  Marine  
  20  1:42  Command Center  
  20  1:49  Refinery  
  20  1:59  Orbital Command  
  20  2:20  Factory  
  20  2:25  SCV  
  20  2:29  Barracks Reactor  
  21  2:37  SCV  
  22  2:47  Factory  
  22  2:50  SCV  
  22  3:19  SCV x2  
  24  3:22  Barracks Tech Lab  
  24  3:23  Hellion x2  
  24  3:24  Supply Depot x2  
  24  3:25  Supply Depot  
  28  3:43  Hellion  
  23  3:57  Hellion x2  
  23  4:02  SCV  
  26  4:22  SCV x2  
  24  4:42  Hellion x3  
  24  4:45  SCV  
  27  4:55  Barracks Tech Lab  
  27  5:00  SCV  
  27  5:03  SCV  
  27  5:04  Hellion x2  
  33  5:17  Hellion  
  35  5:25  Hellion  
  35  5:26  Hellion  
  39  5:31  SCV x2  
  41  5:38  Hellion  
  43  6:05  Marine  
Show
View Real Time Build Order
Export as new Build Order

qqq Zerg - Winner!

Build Orders: Hatch First 

Get SALT Encoding   

  12  0:02  Drone  
  13  0:11  Drone  
  14  0:18  Overlord  
  14  0:47  Hatchery  
  13  0:58  Drone x3  
  16  1:19  Spawning Pool  
  16  1:24  Drone  
  16  1:25  Extractor  
  16  1:58  Hatchery  
  15  2:03  Drone x3  
  18  2:16  Queen  
  18  2:20  Zergling x2  
  21  2:25  Zergling x2  
  22  2:37  Overlord  
  22  2:49  Metabolic Boost  
  22  2:56  Overlord  
  22  2:57  Zergling x2  
  23  3:17  Zergling x4  
  25  3:37  Zergling x4  
  25  3:38  Zergling x8  
  31  3:44  Spine Crawler  
  31  3:46  Zergling x4  
  31  3:48  Hatchery  
  31  3:55  Zergling x4  
  32  4:07  Queen  
  34  4:16  Zergling x4  
  36  4:19  Drone  
  37  4:43  Drone, Zergling x2  
  37  4:44  Drone, Zergling x6  
  40  4:57  Drone x2  
  41  5:08  Drone x3  
  41  5:09  Zergling x2  
  45  5:18  Roach Warren  
  36  5:50  Zergling x2  
  36  5:51  Drone x4, Zergling x8  
  36  5:52  Zergling x6  
  46  5:57  Zergling x2  
  46  5:58  Zergling x2  
  47  6:08  Drone  
Show
View Real Time Build Order
Export as new Build Order

HAES Zerg 

Build Orders: Hatch First, Zergling Baneling 

Get SALT Encoding   

  12  0:01  Drone  
  13  0:12  Overlord  
  13  0:16  Drone  
  14  0:30  Drone x2  
  16  0:48  Hatchery  
  15  0:54  Extractor  
  14  1:03  Drone  
  15  1:08  Spawning Pool  
  14  1:11  Drone  
  14  1:16  Drone  
  16  1:27  Drone  
  16  1:30  Drone  
  18  1:37  Overlord  
  18  1:56  Queen  
  18  1:58  Metabolic Boost  
  18  2:01  Zergling x4  
  22  2:02  Zergling x2  
  22  2:08  Zergling x2  
  24  2:20  Zergling x2  
  24  2:21  Zergling x2  
  26  2:28  Zergling x2, Baneling Nest  
  26  2:36  Overlord  
  26  2:41  Zergling x4  
  28  3:14  Zergling x16  
  28  3:15  Baneling  
  28  3:16  Baneling x4  
  31  3:56  Zergling x12  
  31  3:57  Zergling x6  
  36  4:03  Baneling  
  36  4:04  Baneling x5  
  36  4:13  Zergling x4  
  26  4:46  Zergling x12  
  27  5:02  Roach Warren  
  27  5:03  Drone x2  
  28  5:19  Spine Crawler  
  28  5:20  Drone x2  
  28  5:21  Drone  
  32  5:25  Baneling x4  
  32  5:31  Zergling x2  
  32  5:32  Zergling x2  
  22  5:43  Zergling x4  
  20  5:53  Zergling x4  
Show
View Real Time Build Order
Export as new Build Order

EbakO Protoss 

Build Orders: Cannon Rush 

Get SALT Encoding   

  12  0:00  Probe (Chrono Boost)  
  13  0:15  Pylon  
  13  0:19  Probe  
  14  0:33  Forge  
  14  0:37  Probe  
  15  0:49  Probe  
  16  1:08  Pylon  
  16  1:13  Pylon  
  16  1:16  Pylon  
  16  1:28  Photon Cannon  
  16  1:34  Photon Cannon  
  16  1:40  Pylon  
  16  1:45  Photon Cannon  
  16  2:00  Probe  
  17  2:02  Assimilator  
  17  2:05  Pylon  
  17  2:12  Probe  
  18  2:17  Pylon  
  18  2:24  Probe (Chrono Boost)  
  18  2:25  Gateway  
  19  2:33  Assimilator  
  19  2:35  Probe (Chrono Boost)  
  20  2:40  Probe (Chrono Boost), Photon Cannon  
  21  2:50  Probe (Chrono Boost)  
  22  3:01  Probe (Chrono Boost)  
  22  3:04  Pylon  
  23  3:06  Probe (Chrono Boost), Pylon  
  23  3:12  Photon Cannon  
  24  3:18  Photon Cannon  
  24  3:33  Pylon  
  24  3:36  Probe (Chrono Boost)  
  25  3:44  Cybernetics Core  
  25  3:46  Probe (Chrono Boost), Photon Cannon  
  26  3:51  Probe (Chrono Boost)  
  26  3:54  Photon Cannon  
  26  4:30  Stargate  
  26  4:36  Stalker  
  28  4:45  Nexus  
  28  5:03  Probe (Chrono Boost)  
  29  5:10  Pylon  
  29  5:13  Probe (Chrono Boost)  
  30  5:18  Probe (Chrono Boost), Oracle  
  32  5:21  Pylon  
  32  5:29  Probe  
  32  5:34  Photon Cannon  
  33  5:42  Shield Battery  
  33  5:45  Shield Battery  
  33  5:48  Pylon  
  33  6:02  Probe (Chrono Boost)  
  35  6:12  Probe (Chrono Boost)  
Tags
 
Add a new tag
Caveats
  • Supply blocks, unpowered buildings, or Contaminate may cause inaccurate times.
  • Supply counts are checked every 10 seconds.